 Dungeon Crawl Stone Soup version 0.28-a0-909-g796cbd3a86 (webtiles) character file.

Game seed: 12382854432319008742

41554 AarnesTheHuman the Fighter (level 13, -2/109 HPs)
             Began as a Demonspawn Gladiator on Nov 24, 2021.
             Was a High Priest of Makhleb.
             Slain by a dire elephant (26 damage)
             ... in a Gauntlet on Nov 25, 2021.
             The game lasted 00:47:19 (17643 turns).

AarnesTheHuman the Fighter (Demonspawn Gladiator)  Turns: 17643, Time: 00:47:20

Health: -2/109     AC: 21    Str: 20    XL:     13   Next: 80%
Magic:  0/21       EV: 13    Int:  9    God:    Makhleb [*****.]
Gold:   1061       SH:  0    Dex: 21    Spells: 12/12 levels left

rFire   . . .      SeeInvis .   a - +2 double sword (elec)
rCold   . . .      Faith    .   (no shield)
rNeg    . . .      Spirit   +   U - +2 chain mail {rPois}
rPois   +          Reflect  .   c - +1 helmet
rElec   .          Harm     .   C - scarf {+Inv}
rCorr   .          Rampage  +   (gloves unavailable)
Will    +....      NoTele   +   t - +1 pair of boots
Stlth   ..........              V - amulet of Leujemy {Acrobat Rampage Will+ Slay+3}
HPRegen 0.28/turn               j - +4 ring of evasion
MPRegen 0.34/turn               B - +6 ring of dexterity

@: no status effects
A: thin metallic scales 1, spiny 1, magic shield, magic regeneration, demonic
touch 3
a: Renounce Religion, Evoke Invisibility, Minor Destruction, Lesser Servant of
Makhleb, Major Destruction, Greater Servant of Makhleb


You were in a Gauntlet.
You worshipped Makhleb.
Makhleb was extremely pleased with you.
You visited 3 branches of the dungeon, and saw 17 of its levels.
You also visited: Ossuary and Gauntlet.

You collected 1061 gold pieces.

Inventory:

Hand Weapons
 a - a +2 double sword of electrocution (weapon)
 b - a +0 arbalest
 m - a +1 vampiric whip
 v - a +2 short sword of draining
 S - a +2 broad axe of flaming
Missiles
 d - 5 throwing nets
 e - 3 curare-tipped darts
 f - 513 stones
 s - 32 boomerangs (quivered)
 y - 100 bolts
 H - 39 poisoned darts
 T - 7 javelins
Armour
 c - a +1 helmet (worn)
 t - a +1 pair of boots (worn)
 x - a +4 scale mail of cold resistance
 C - a scarf of invisibility (worn)
 U - a +2 chain mail of poison resistance (worn)
Magical Staves
 p - a staff of fire
Jewellery
 j - a +4 ring of evasion (left hand)
 o - an amulet of regeneration
 B - a +6 ring of dexterity (right hand)
 V - the amulet of Leujemy (around neck) {Acrobat Rampage Will+ Slay+3}
   (You found it on level 1 of the Lair of Beasts)

   [amulet of the acrobat]

   It increases your evasion while moving and waiting.
   Slay:      It affects your accuracy & damage with ranged weapons and melee
   (+3).
   Rampage:   It bestows one free step when moving towards enemies.
   Will:      It increases your willpower.
 X - a ring of protection from cold
 Y - a ring of protection from cold
Wands
 w - a wand of paralysis (11)
 F - a wand of acid (7)
 K - a wand of iceblast (22)
Scrolls
 g - a scroll of magic mapping
 G - 5 scrolls of fear
 I - 3 scrolls of amnesia
 M - 4 scrolls of identify
 N - 4 scrolls of blinking
 O - 3 scrolls of fog
 P - 7 scrolls of teleportation
Potions
 h - 2 potions of might
 i - 6 potions of lignification
 k - a potion of resistance
 l - a potion of heal wounds
 n - a potion of mutation
 u - 2 potions of berserk rage
 z - 7 potions of curing
 A - 2 potions of haste
 D - 2 potions of attraction
 J - 3 potions of cancellation
 Q - 5 potions of brilliance
 R - 2 potions of invisibility
 W - 2 potions of ambrosia


   Skills:
 + Level 12.7 Fighting
 + Level 7.4 Long Blades
 - Level 7.0 Axes
 * Level 9.0 Crossbows
 - Level 1.7 Throwing
 + Level 11.6 Armour
 - Level 2.6 Dodging
 + Level 10.9 Invocations


You had 12 spell levels left.
You didn't know any spells.
Your spell library contained the following spells:

 Spells                   Type           Power      Damage    Failure   Level
 Slow                     Hex            0%         N/A       95%         1
 Blink                    Tloc           0%         N/A       99%         2
 Ensorcelled Hibernation  Hex/Ice        0%         N/A       99%         2
 Confusing Touch          Hex            0%         N/A       100%        3
 Lesser Beckoning         Tloc           0%         N/A       100%        3
 Tukima's Dance           Hex            0%         N/A       100%        3
 Freezing Cloud           Conj/Ice/Air   0%         6-21      100%        5
 Manifold Assault         Tloc           0%         N/A       100%        5
 Yara's Violent Unravell  Hex/Tmut       0%         3d3       100%        5
 Simulacrum               Ice/Necr       0%         N/A       100%        6
 Polar Vortex             Ice            0%         N/A       100%        9


Dungeon Overview and Level Annotations

Branches:
Dungeon (10/15)            Temple (1/1) D:6            Lair (6/6) D:9
  Swamp (0/4) Lair:4        Snake (0/4) Lair:2        Slime (0/5) Lair:6
Ossuary (visited)         Gauntlet (1/1)
    Orc: D:9-12

Altars:
Ashenzari
Cheibriados
Dithmenos
Elyvilon
Fedhas
Gozag
Hepliaklqana
Kikubaaqudgha
Makhleb
Nemelex Xobeh
Okawaru
Qazlal
Ru
Trog
Uskayaw
Vehumet
Wu Jian
Xom
Yredelemnul
Zin
The Shining One

Portals:
Abyss: Lair:2

Annotations:
D:3 1 runed translucent door, exclusion: door, Crazy Yiuf
Lair:1 1 runed translucent door, exclusion: door, Peloso's ghost, journeyman MiFi
Lair:2 2 transporters, Zaczunit's ghost, journeyman TrAM
Lair:4 3 runed translucent doors, exclusion: 3 doors, bgiannan's ghost, journeyman MiFi
Lair:5 exclusion: oklob plant Gauntlet 9 transporters, exclusion: lightning spire


Innate Abilities, Weirdness & Mutations

You are partially covered in thin metallic scales. (AC +2)
You are partially covered in sharp spines.
When hurt, damage is shared between your health and your magic reserves.
You regenerate magic rapidly.
Your touch may irresistibly damage your foes and sap their willpower.


Message History

The dire elephant is almost dead.
The elephant closely misses you.
The elephant trunk-slaps you but does no damage.
The dire elephant closely misses you. The dire elephant misses you.
The elephant tramples you but does no damage.
The elephant trunk-slaps you but does no damage.
The elephant is struck by your spines.
The elephant tramples you but does no damage.
The elephant trunk-slaps you but does no damage.
You slash the dire elephant!
The dire elephant is almost dead.
The dire elephant tramples you!!
You hold your ground!
The dire elephant trunk-slaps you! The elephant tramples you.
You hold your ground!
The elephant trunk-slaps you but does no damage.
The elephant closely misses you.
The elephant trunk-slaps you but does no damage.
You slash the dire elephant!
The dire elephant is almost dead.
The dire elephant tramples you!!
You hold your ground!
The dire elephant trunk-slaps you but does no damage.
The elephant is struck by your spines. The elephant closely misses you.
The elephant barely misses you. The elephant is struck by your spines.
The elephant tramples you but does no damage.
The elephant trunk-slaps you.
You hit the dire elephant but do no damage.
The dire elephant is almost dead.
The dire elephant is struck by your spines.
The dire elephant tramples you!
* * * LOW HITPOINT WARNING * * *
You hold your ground!
The dire elephant trunk-slaps you.
* * * LOW HITPOINT WARNING * * *
The elephant closely misses you.
The elephant trunk-slaps you but does no damage.
The elephant tramples you.
* * * LOW HITPOINT WARNING * * *
You hold your ground!
The elephant trunk-slaps you but does no damage.
The dire elephant tramples you!!
You die...

..........≈§..........§.≈........
.........≈8§...........≈8≈.......
..........≈.............≈........
#########...###########...#######
........#...#...#.#...#...#......
##...##.#...#..#...#..#...#.##.##
.##.##..#####"##...##.#####..#..#
..#.#...#...#=.##Y#..##...#..##.#
#©....#©.©#©.#@Y....#©.©#©..#©.
.#.#...#...#!.##Y#..##...#.#.##.
##.##..#####.##...##.#####....#.
##...##.#...#..#...#..#...#.##.##
........#.8.#...#.#...#.8.#......
#########...###########...#######
.................................
.................................
#################################


You could see a dire elephant and 2 elephants.

Vanquished Creatures
  7 hydras
  Harold (D:9)
  3 boulder beetles
  Erica (D:9)
  A catoblepas (Lair:6)
  A two-headed ogre (D:8)
  Urug (D:10)
  A death yak (Lair:2)
  5 elephants (Lair:2)
  Maurice (D:9)
  7 black mambas
  Maggie (D:6)
  16 cane toads
  A rime drake (Lair:4)
  9 komodo dragons
  2 trolls
  5 polar bears
  6 dream sheep (Lair:3)
  14 blink frogs
  4 wyverns
  A ynoxinul (Gauntlet)
  30 yaks
  A spriggan (Lair:2)
  2 steam dragons
  2 basilisks
  Menkaure (D:7)
  3 wargs (D:9)
  5 swamp worms (Lair:4)
  An acid dragon (D:8)
  14 water moccasins
  A hornet zombie (D:8)
  3 orc warriors
  A sky beast (D:6)
  5 black bears
  5 ogres
  3 necrophages
  11 wolves
  A centaur (D:9)
  3 kobold brigands
  11 bullfrogs
  3 scorpions
  2 water moccasin zombies (D:6)
  An elf skeleton (D:6)
  A water moccasin skeleton (D:5)
  4 killer bees (D:6)
  5 wights
  4 howler monkeys
  A bullfrog zombie (D:7)
  3 centaur zombies
  3 jellies (Lair:5)
  4 gnoll shamans
  11 orc priests
  6 hounds
  A bullfrog skeleton (D:5)
  2 centaur skeletons
  4 iron imps (Gauntlet)
  Jessica (D:2)
  A human skeleton (D:6)
  2 iguanas
  11 orc wizards
  2 killer bee zombies
  13 mummies
  Robin (D:2)
  2 adders (D:5)
  35 gnolls
  A shadow imp (D:4)
  An ufetubus (D:3)
  A worm (D:2)
  3 dart slugs
  61 orcs
  22 endoplasms
  3 giant cockroaches
  9 goblins
  9 hobgoblins
  12 jackals (D:3)
  4 quokkas
  8 ball pythons
  4 bats
  A frilled lizard (D:3)
  2 gnoll skeletons (Ossuary)
  A goblin skeleton (Ossuary)
  26 kobolds
  2 kobold skeletons (Ossuary)
  A kobold zombie (D:6)
  7 orc skeletons
  3 orc zombies (D:6)
  5 rats
  11 rat skeletons (Ossuary)
511 creatures vanquished.

Vanquished Creatures (others)
  20 fungi
  25 plants
45 creatures vanquished.

Grand Total: 556 creatures vanquished

Notes
Turn   | Place    | Note
-------+----------+-------------------------------------------
     0 | D:1      | AarnesTheHuman the Demonspawn Gladiator began the quest for
                  | the Orb.
     0 | D:1      | Reached XP level 1. HP: 16/16 MP: 1/1
   256 | D:1      | Found a faded altar of an unknown god.
   277 | D:1      | Gained mutation: You are partially covered in thin metallic
                  | scales. (AC +2) [demonic ancestry]
   277 | D:1      | Reached XP level 2. HP: 22/22 MP: 2/2
   458 | D:1      | Reached skill level 1 in Armour
   939 | D:2      | Noticed Robin
  1026 | D:2      | Gained mutation: You regenerate magic rapidly. [demonic
                  | ancestry]
  1026 | D:2      | Reached XP level 3. HP: 12/28 MP: 3/3
  1935 | D:2      | Killed Robin
  2001 | D:2      | Reached XP level 4. HP: 33/33 MP: 4/4
  2057 | D:2      | Reached skill level 3 in Fighting
  2121 | D:2      | Noticed Jessica
  2130 | D:2      | Killed Jessica
  2734 | D:3      | Found a runed translucent door.
  2735 | D:3      | Noticed Crazy Yiuf
  3149 | D:3      | Gained mutation: When hurt, damage is shared between your
                  | health and your magic reserves. [demonic ancestry]
  3149 | D:3      | Reached XP level 5. HP: 38/39 MP: 5/5
  3592 | D:3      | Noticed an ogre
  3688 | D:3      | HP: 2/42 [orc priest/divine providence (9)]
  3694 | D:3      | HP: 1/42 [orc priest/divine providence (8)]
  3738 | D:2      | Killed an ogre
  3739 | D:2      | Reached skill level 4 in Fighting
  3739 | D:2      | Gained mutation: You are partially covered in sharp spines.
                  | [demonic ancestry]
  3739 | D:2      | Reached XP level 6. HP: 48/48 MP: 6/6
  4140 | D:3      | Gained mutation: Your touch may inflict minor irresistible
                  | damage on your foes. [demonic ancestry]
  4140 | D:3      | Reached XP level 7. HP: 55/55 MP: 7/7
  4191 | D:2      | Reached skill level 5 in Fighting
  4346 | D:3      | Noticed a steam dragon
  5352 | D:4      | Reached skill level 5 in Armour
  5484 | D:4      | Reached skill level 6 in Fighting
  5628 | D:3      | Gained mutation: Your touch may inflict irresistible damage
                  | on your foes. [demonic ancestry]
  5628 | D:3      | Reached XP level 8. HP: 61/65 MP: 8/8
  5856 | D:5      | Entered Level 5 of the Dungeon
  6108 | D:4      | Reached skill level 7 in Fighting
  6407 | D:5      | Reached skill level 8 in Fighting
  6700 | D:4      | Gained mutation: Your touch may irresistibly damage your
                  | foes and sap their willpower. [demonic ancestry]
  6700 | D:4      | Reached XP level 9. HP: 74/74 MP: 9/9
  7120 | D:6      | Noticed Maggie
  7130 | D:6      | Killed Maggie
  7131 | D:6      | Reached skill level 9 in Fighting
  7323 | D:6      | Found a sand-covered staircase.
  7329 | Ossuary  | Entered an ossuary
  7534 | Ossuary  | Reached skill level 1 in Axes
  8029 | D:6      | Found a staircase to the Ecumenical Temple.
  8037 | Temple   | Entered the Ecumenical Temple
  8114 | Temple   | Became a worshipper of Makhleb the Destroyer
  8244 | D:6      | Reached XP level 10. HP: 79/85 MP: 8/10
  8315 | D:7      | Found a hide-covered altar of Uskayaw.
  8328 | D:7      | Reached skill level 1 in Invocations
  8337 | D:7      | Found a snail-covered altar of Cheibriados.
  8525 | D:7      | Reached skill level 10 in Fighting
  8601 | D:7      | Noticed Menkaure
  8605 | D:7      | Killed Menkaure
  8675 | D:7      | Reached * piety under Makhleb
  8958 | D:8      | Noticed an eight-headed hydra
  9071 | D:7      | Killed a one-headed hydra
  9154 | D:7      | Reached skill level 5 in Axes
  9352 | D:8      | Reached ** piety under Makhleb
  9432 | D:8      | Noticed a two-headed ogre
  9517 | D:8      | Killed a two-headed ogre
  9518 | D:8      | Reached skill level 5 in Invocations
  9518 | D:8      | Reached XP level 11. HP: 92/92 MP: 14/14
  9750 | D:9      | Found a blossoming altar of Fedhas.
  9755 | D:9      | Found a staircase to the Lair.
  9891 | D:9      | Noticed Harold
  9903 | D:9      | Killed Harold
 10107 | D:9      | Noticed Maurice
 10124 | D:9      | Killed Maurice
 11036 | D:9      | Noticed Erica
 11062 | D:9      | Killed Erica
 11063 | D:9      | Reached skill level 1 in Crossbows
 11191 | D:10     | Entered Level 10 of the Dungeon
 11252 | D:10     | Noticed Urug
 11308 | Lair:1   | Entered Level 1 of the Lair of Beasts
 11319 | Lair:1   | Reached skill level 11 in Fighting
 11457 | D:10     | Killed Urug
 11457 | D:10     | Reached *** piety under Makhleb
 11458 | D:10     | Reached skill level 10 in Armour
 11719 | Lair:1   | Identified the amulet of Leujemy {Acrobat Rampage Will+
                  | Slay+3}
 11737 | Lair:1   | Found a runed translucent door.
 11739 | Lair:1   | Noticed Peloso's ghost (journeyman MiFi)
 12325 | Lair:1   | Reached skill level 5 in Long Blades
 12501 | Lair:1   | Identified the +9 spear of Pride {freeze, rElec rPois rN+
                  | rCorr}
 12683 | Lair:2   | Found a staircase to the Snake Pit.
 12698 | Lair:2   | Reached XP level 12. HP: 96/100 MP: 15/17
 12820 | Lair:2   | Identified the +11 trident of the Vulture {freeze, Dex+3}
 12914 | Lair:2   | Reached skill level 5 in Crossbows
 13001 | Lair:2   | Found a transporter.
 13146 | Lair:2   | Found a transporter.
 13156 | Lair:2   | Noticed Zaczunit's ghost (journeyman TrAM)
 13156 | Lair:2   | Noticed a hell hog
 13157 | Lair:2   | Found a one-way gate to the infinite horrors of the Abyss.
 13207 | Lair:2   | Noticed a five-headed hydra
 13214 | Lair:2   | Killed a three-headed hydra
 13302 | Lair:2   | Noticed a death yak
 13307 | Lair:2   | Killed a death yak
 13309 | Lair:2   | Reached **** piety under Makhleb
 13495 | Lair:3   | Noticed a boulder beetle
 13504 | Lair:3   | Killed a boulder beetle
 13620 | Lair:3   | Noticed a six-headed hydra
 13628 | Lair:3   | Killed a three-headed hydra
 13914 | Lair:3   | Reached skill level 12 in Fighting
 14240 | Lair:3   | Noticed a boulder beetle
 14251 | Lair:3   | Killed a boulder beetle
 14558 | Lair:4   | Reached XP level 13. HP: 108/108 MP: 20/20
 14776 | Lair:4   | Found an ornate altar of the Wu Jian Council.
 14778 | Lair:4   | Found a hide-covered altar of Uskayaw.
 14793 | Lair:4   | Reached ***** piety under Makhleb
 15031 | Lair:4   | Found a runed translucent gate.
 15037 | Lair:4   | Found a runed translucent gate.
 15037 | Lair:4   | Found a runed translucent gate.
 15037 | Lair:4   | Noticed bgiannan's ghost (journeyman MiFi)
 15159 | Lair:4   | Found a staircase to the Swamp.
 15174 | Lair:4   | Reached skill level 10 in Invocations
 15177 | Lair:4   | HP: 4/108 [swamp worm (12)]
 16849 | Lair:6   | Entered Level 6 of the Lair of Beasts
 17090 | Lair:6   | Found a gate leading to a gauntlet.
 17101 | Gauntlet | Entered a Gauntlet
 17101 | Gauntlet | Found a transporter.
 17101 | Gauntlet | Found a transporter.
 17101 | Gauntlet | Found a transporter.
 17400 | Gauntlet | Found a transporter.
 17403 | Gauntlet | Found a transporter.
 17403 | Gauntlet | Found a transporter.
 17409 | Gauntlet | Noticed a dire elephant
 17417 | Gauntlet | Found a transporter.
 17418 | Gauntlet | Found a transporter.
 17433 | Gauntlet | Found a transporter.
 17433 | Gauntlet | Found a transporter.
 17451 | Gauntlet | Found a transporter.
 17455 | Gauntlet | Found a transporter.
 17643 | Gauntlet | Slain by a dire elephant

Illustrated notes

Levels and vault maps discovered:
D:1:      giann_bridges, layout_rooms, basic_ecumenical_altar, minivault_4,
          minmay_crystal_room, minmay_pentomino_o2
D:2:      layout_loops_ring, uniq_jessica, uniq_robin
D:3:      lemuel_castle_with_subvaults [lemuel_castle_interior_original],
          layout_basic, uniq_crazy_yiuf_cottage
D:4:      layout_gridville, cheibrodos_gnoll_hut
D:5:      layout_loops_ring
D:6:      layout_loops_ring, minmay_temple_entry_proselytizer,
          nicolae_ossuary_entry_catacombs, minmay_mini_ossuary, uniq_maggie
D:7:      layout_loops_cross, chequers_temple_overflow_statue_of_worship,
          nicolae_figureground_sparkle, uniq_menkaure
D:8:      layout_rooms
D:9:      layout_stronghold, fedhas_altar_3, erik_lair_orcish_takeover,
          uniq_maurice, uniq_harold, uniq_erica
D:10:     layout_roguey, led_sif_pool, uniq_urug
Temple:   nicolae_temple_x_marks_the_god
Lair:1:   layout_hall_layers, ebering_ghost_funeral_grove,
          chequers_serial_rivers_micro_b, grunt_megastairs_1
Lair:2:   layout_regular_city, dummy_snake_entry,
          gammafunk_ghost_abyssal_escape, serial_bayou_pond_d,
          grunt_forest_large_clearing_hut, grunt_megastairs_4,
          serial_bayou_shore_b
Lair:3:   layout_hall_layers, lemuel_fruit_fields
Lair:4:   layout_gridlike, minmay_swamp_entry_worms, ebering_ghost_rock_garden,
          minivault_26, nzn_masters_of_martial_movement
Lair:5:   lemuel_slime, layout_gridlike, minivault_26,
          nicolae_quartered_pool_medium, hangedman_lair_unloving_vines
Lair:6:   grunt_lair_end_beastmaster, layout_regular_city, slime_altar_1,
          gauntlet_entry_generic, nicolae_lair_lil_pond,
          kennysheep_basilisk_garden, lemuel_fruit_fields, serial_bayou_shore_a,
          grunt_megastairs_2
Gauntlet: gammafunk_gauntlet_hard_choice [nicolae_gauntlet_arena_grate_2,
          gammafunk_gauntlet_arena_crates, gammafunk_gauntlet_arena_chambers,
          nicolae_gauntlet_arena_blocks, gammafunk_gauntlet_arena_split_x,
          gammafunk_gauntlet_arena_grid, nicolae_gauntlet_exit_dead_adventurers]

Skill      XL: |  1  2  3  4  5  6  7  8  9 10 11 12 13 |
---------------+----------------------------------------+-----
Long Blades    | 3 4 5 6 7 |  7.4
Armour         | 1 2 3 5 7 8 9 10 11 | 11.6
Fighting       | 3 4 6 8 9 10 11 12 | 12.7
Axes           | 2 5 7 |  7.0
Invocations    | 5 7 9 10 | 10.9
Crossbows      | 4 7 9 |  9.0
Throwing       | |  1.7
Dodging        | |  2.6

Action                   |  1- 3 |  4- 6 |  7- 9 | 10-12 | 13-15 || total
-------------------------+-------+-------+-------+-------+-------++-------
Melee: Long sword        |   170 |    70 |       |       |       ||   240
       Short sword       |       |   120 |   238 |       |       ||   358
       Touch             |       |       |    54 |    98 |    41 ||   193
       Broad axe         |       |       |   105 |   203 |    25 ||   333
       Double sword      |       |       |       |   214 |   174 ||   388
 Fire: Arbalest          |       |       |       |    11 |    26 ||    37
Throw: Throwing net      |     1 |     1 |     2 |     2 |       ||     6
       Boomerang         |       |     9 |       |    10 |       ||    19
       Dart              |       |       |     1 |    11 |       ||    12
Evoke: Wand              |       |       |       |     7 |     1 ||     8
  Use: Scroll            |       |       |    18 |     4 |     4 ||    26
       Potion            |       |       |     1 |       |     2 ||     3
 Stab: Held in net/web   |       |       |       |     1 |       ||     1
       Petrified         |       |       |       |       |     6 ||     6
       Petrifying        |       |       |       |       |     1 ||     1
Armor: Leather armour    |    30 |       |       |       |       ||    30
       Scale mail        |    33 |       |       |    49 |       ||    82
       Ring mail         |    22 |    77 |   122 |    83 |       ||   304
       Chain mail        |       |       |       |   129 |   149 ||   278
Dodge: Dodged            |   142 |   169 |   209 |   415 |   169 ||  1104

Table legend: (Time is in decaauts)
 A = Elapsed time spent in this place.
 B = Non-inter-level travel time spent in this place.
 C = Inter-level travel time spent in this place.
 D = Time resting spent in this place.
 E = Time spent auto-exploring this place.
 F = Levels seen in this place.
 G = Mean time per level.
                   A        B        C        D        E       F      G
               +--------+--------+--------+--------+--------+-----+--------+
         Total |  18008 |  16359 |   1649 |   2562 |   8969 |  19 |  947.8 |
       Dungeon |  11398 |  10113 |   1285 |   1954 |   4827 |  10 | 1139.8 |
        Temple |     88 |     68 |     20 |      0 |     59 |   1 |   88.0 |
          Lair |   5629 |   5285 |    344 |    310 |   3812 |   6 |  938.2 |
       Ossuary |    347 |    347 |      0 |      0 |    137 |   1 |  347.0 |
      Gauntlet |    543 |    543 |      0 |    298 |    134 |   1 |  543.0 |
               +--------+--------+--------+--------+--------+-----+--------+

Top non-repeatable levels by time:
     D:3: 2364 daAuts
     D:1: 1601 daAuts
     D:2: 1510 daAuts
  Lair:5: 1437 daAuts
     D:9: 1350 daAuts
  Lair:3: 1092 daAuts
  Lair:1: 1044 daAuts
     D:6: 993 daAuts
  Lair:2: 968 daAuts
     D:4: 967 daAuts
     D:5: 950 daAuts
  Lair:4: 901 daAuts
     D:7: 893 daAuts
     D:8: 707 daAuts
Gauntlet: 543 daAuts
